 Dungeon Crawl Stone Soup version 0.29-a0-380-gf50f0a9fbc (webtiles) character file.

Game seed: 6161497630167773854

25 pyrow613 the Skirmisher (level 2, 27/27 HPs)
             Began as a Minotaur Fighter on May 5, 2022.
             Was a High Priest of Ignis.
             Got out of the dungeon alive.
             The game lasted 00:02:13 (1508 turns).

pyrow613 the Skirmisher (Minotaur Fighter)          Turns: 1508, Time: 00:02:13

Health: 27/27      AC:  6    Str: 20    XL:     2   Next: 86%
Magic:  1/1        EV:  9    Int:  5    God:    Ignis [*****.]
Gold:   56         SH:  4    Dex:  9    Spells: 1/1 levels left

rFire   + . .      SeeInvis .   a - +0 war axe
rCold   . . .      Faith    .   c - +0 buckler
rNeg    . . .      Spirit   .   b - +0 scale mail
rPois   .          Reflect  .   (helmet restricted)
rElec   .          Harm     .   (no cloak)
rCorr   .          Rampage  .   (no gloves)
Will    .....                   (no boots)
Stlth   ..........              (no amulet)
HPRegen 0.09/turn               (no ring)
MPRegen 0.07/turn               (no ring)

@: no status effects
A: horns 2, retaliatory headbutt
a: Renounce Religion, Fiery Armour, Foxfire Swarm, Rising Flame


You escaped.
You worshipped Ignis.
Ignis was extremely pleased with you.
You visited 1 branch of the dungeon, and saw 2 of its levels.

You collected 56 gold pieces.

Inventory:

Hand Weapons
 a - a +0 war axe (weapon)
Missiles
 n - 2 poisoned darts (quivered)
Armour
 b - a +0 scale mail (worn)
 c - a +0 buckler (worn)
Jewellery
 o - a +6 ring of intelligence
Scrolls
 e - a scroll of teleportation {unknown}
 f - a scroll of identify {unknown}
 j - a scroll of summoning {unknown}
 k - 2 scrolls of amnesia {unknown}
 l - a scroll of enchant weapon {unknown}
Potions
 d - a potion of might
 g - a potion of brilliance {unknown}
 h - 2 potions of mutation {unknown}
 i - a potion of curing {unknown}
 m - 2 potions of flight {unknown}
 p - a potion of attraction {unknown}


   Skills:
 + Level 4.1 Fighting
 * Level 3.7 Axes
 - Level 3.6 Armour
 - Level 3.6 Shields


You had one spell level left.
You didn't know any spells.
Your spell library was empty.

Dungeon Overview and Level Annotations

Branches:
Dungeon (2/15)

Altars:
Fedhas
Ignis


Innate Abilities, Weirdness & Mutations

You have a pair of horns on your head.
You reflexively headbutt those who attack you in melee.


Message History

Found 2 poisoned darts.
Found a blossoming altar of Fedhas.
Found a stone staircase leading up.
You see here 2 poisoned darts.
You can't go down here!
n - 2 poisoned darts
o - a +6 ring of intelligence
There is an open door here.
You see here a dart slug corpse.
There is an open door here.
Found a stone staircase leading down.
Found a robe and a dagger.
You see here a +0 robe.
p - a yellow potion A rat comes into view.
Found a faded altar of an unknown god.
A rat is nearby!
The rat bites you.
You slash the rat!
You kill the rat!
No target in view!
You see here a rat corpse.
There is a faded altar of an unknown god here.
You cannot tell which god this altar belongs to.
Convert to them anyway?
Ignis accepts your prayer! Ignis welcomes you!
There is a candlelit altar of Ignis here.
You offer a prayer to Ignis.
You offer a prayer to Ignis.
You offer a prayer to Ignis.
You see here a rat corpse.
You see here a +0 robe.
There is an open door here.
There is a stone staircase leading up here.
You climb upwards.
There is a stone staircase leading down here.
There is an open door here.
There is a staircase leading out of the dungeon here.
Are you sure you want to leave the Dungeon?
This will make you lose the game!
You have escaped!

.≈..#
#.#...............#...#
≈...#
#.#.#############.#...#
P...#
#.#.#...........#.#.#.#
.)..#
#...#.####.####.#.#.#.#
≈...#
#.#.#[#.......#.#...#.#
≈...#
#.#.#.#.#####.#.#.#.#.#
...##
#.#.#.#.#...#.#.#.#)..#
≈...#
#.#.#.#.#...#.#.#.#.###
....#
#.#.'.#.#(@...#.'.#.#
≈≈..#
#.#.#.#.#...#.#.#.#.#
≈≈..#
#.#.#.#.#...#.#.#.#.#
≈...#
#.#.#.#.#####.#.#.#.# #
P≈..#
#...#.#...[...#.#.#.# #
≈P..#
###.#.####.####.#...# #
≈≈..#
#.#...........#.#.# #
≈≈..#
#.#############.#.# #
≈≈..#
#...............#.# #


There were no monsters in sight!

Vanquished Creatures
  2 dart slugs (D:2)
  A ball python (D:1)
  3 bats (D:1)
  3 endoplasms (D:1)
  A giant cockroach (D:1)
  A goblin (D:1)
  3 hobgoblins (D:1)
  2 kobolds (D:1)
  3 rats
19 creatures vanquished.

Vanquished Creatures (others)
  2 plants (D:1)
2 creatures vanquished.

Grand Total: 21 creatures vanquished

Notes
Turn   | Place    | Note
-------+----------+-------------------------------------------
     0 | D:1      | pyrow613 the Minotaur Fighter began the quest for the Orb.
     0 | D:1      | Reached XP level 1. HP: 19/19 MP: 0/0
   272 | D:1      | Reached XP level 2. HP: 27/27 MP: 1/1
   390 | D:1      | Reached skill level 4 in Fighting
  1249 | D:2      | Found a blossoming altar of Fedhas.
  1351 | D:2      | Found a faded altar of an unknown god.
  1358 | D:2      | Prayed at the altar of an unknown god.
  1358 | D:2      | Became a worshipper of Ignis, the Dying Flame
  1508 | D:$      | Got out of the dungeon alive.

Illustrated notes

Levels and vault maps discovered:
D:1:      matt_arrival_refuge, layout_basic, minmay_misc_feat_pillars,
          chequers_big_river, minmay_tripent
D:2:      layout_basic, serial_shops, shop, ebering_ecumenical_altar_webs,
          basic_altar, chequers_garden

Skill      XL: |  1  2 |
---------------+-------+-----
Axes           | 3 |  3.7
Fighting       | 4 |  4.1
Armour         | |  3.6
Shields        | |  3.6

Action                   || total
-------------------------++-------
Melee: War axe           ||    36
       Headbutt          ||     2
Armor: Scale mail        ||    12
Dodge: Dodged            ||    13
Block: Buckler           ||     7

Table legend: (Time is in decaauts)
 A = Elapsed time spent in this place.
 B = Non-inter-level travel time spent in this place.
 C = Inter-level travel time spent in this place.
 D = Time resting spent in this place.
 E = Time spent auto-exploring this place.
 F = Levels seen in this place.
 G = Mean time per level.
                   A        B        C        D        E       F      G
               +--------+--------+--------+--------+--------+-----+--------+
         Total |   1533 |   1351 |    182 |      0 |   1196 |   2 |  766.5 |
       Dungeon |   1533 |   1351 |    182 |      0 |   1196 |   2 |  766.5 |
               +--------+--------+--------+--------+--------+-----+--------+

Top non-repeatable levels by time:
     D:1: 1182 daAuts
     D:2: 350 daAuts
